 Dungeon Crawl Stone Soup version 0.30.0-20-g3615ddf2f0 (webtiles) character file.

Game seed: 7608330759261172045

21153 qw the Cleaver (level 12, -1/77 HPs)
             Began as a Gargoyle Fighter on June 1, 2023.
             Was an Elder of Okawaru.
             Slain by a spectral boulder beetle (5 damage)
             ... called from beyond by a ghost crab
             ... on level 3 of the Lair of Beasts.
             The game lasted 00:05:56 (10432 turns).

qw the Cleaver (Gargoyle Fighter)                  Turns: 10432, Time: 00:05:57

Health: -1/77      AC: 29    Str: 25    XL:     12   Next: 87%
Magic:  19/19      EV: 11    Int: 13    God:    Okawaru [****..]
Gold:   339        SH:  6    Dex:  9    Spells: 11/11 levels left

rFire   + . .        r - +0 flail (venom)
rCold   . . .        c - +0 buckler
rNeg    + . .        q - +0 chain mail
rPois   inf          u - +2 hat {Will+}
rElec   +            (no cloak)
rCorr   .            e - +2 pair of gloves of Enaidibri {Regen+ Int+4}
SInv    .            p - +1 pair of boots
Will    +....        (no amulet) Stlth
                     m - ring of protection from fire
HPRegen 1.12/turn    n - +4 ring of slaying {mikee}
MPRegen 0.16/turn

%: no passive effects
@: about to teleport, heroic
A: sickness immunity, AC +8, negative energy resistance 1, electricity
resistance, torment resistance 1, petrification resistance
a: Renounce Religion, Heroism, Finesse


You were on level 3 of the Lair of Beasts.
You worshipped Okawaru.
Okawaru was greatly pleased with you.
You visited 3 branches of the dungeon, and saw 12 of its levels.

You collected 667 gold pieces.
You spent 328 gold pieces at shops.


Innate Abilities, Weirdness & Mutations

You are immune to sickness and miasma.
Your stone body is resilient. (AC +8)
You are immune to poison.
You resist negative energy. (rN+)
You are resistant to electric shocks. (rElec)
You are resistant to unholy torment.
You are immune to petrification.


   Skills:
 - Level 10.0(15.0) Fighting
 + Level 13.5(18.5) Axes
 - Level 2.0(7.0) Throwing
 - Level 8.0(13.0) Armour
 - Level 2.0(7.0) Dodging
 - Level 6.2(11.2) Shields
 + Level 9.5 Invocations


You had 11 spell levels left.
You didn't know any spells.
Your spell library was empty.

Inventory:

Hand Weapons
 r - a +0 flail of venom (weapon)
 Y - a +3 war axe
Armour
 c - a +0 buckler (worn)
 e - the +2 pair of gloves of Enaidibri (worn) {Regen+ Int+4}
   (You acquired it on level 3 of the Dungeon)

   Int:       It affects your intelligence (+4).
   Regen:     It increases your rate of health regeneration.
 p - a +1 pair of boots (worn)
 q - a +0 chain mail (worn)
 u - a +2 hat of willpower (worn)
Jewellery
 i - a ring of fire
 k - a ring of magical power
 m - a ring of protection from fire (left hand)
 n - a +4 ring of slaying (right hand) {mikee}
 v - a ring of positive energy
Scrolls
 a - 3 scrolls of teleportation
 f - 10 scrolls of identify
Potions
 b - a potion of lignification
 d - 8 potions of might
 g - 6 potions of curing
 h - 3 potions of attraction
 j - 2 potions of heal wounds
 l - 5 potions of haste
 o - a potion of resistance
 s - 2 potions of magic

Dungeon Overview and Level Annotations

Branches:
Dungeon (8/15)             Temple (1/1) D:6            Lair (3/5) D:8
  Swamp (0/4) Lair:3       Spider (0/4) Lair:3

Altars:
Cheibriados
Elyvilon
Fedhas
Gozag
Hepliaklqana
Kikubaaqudgha
Nemelex Xobeh
Okawaru
Qazlal
Ru
Sif Muna
Uskayaw
Vehumet
Wu Jian
Yredelemnul
Zin
The Shining One

Shops:
D:1 !   D:2 ?!!?:   D:5 [([   D:8 ?

Annotations:
D:3 1 runed translucent door, qw's ghost, amateur GrFi
D:5 2 transporters
Lair:3 exclusion: 3 culicivoras


Message History

The spectral cane toad fades away!
The spectral black mamba bites you!
10428 ||| SWAPPING to +3 war axe.
Your +0 flail of venom stops dripping with poison.
Y - a +3 war axe (weapon)
You block the spectral black mamba's attack.
The ghost crab misses you.
The ghost crab claws you but does no damage.
10429 ||| SWAPPING to +0 flail of venom.
Your +0 flail of venom begins to drip with poison!
r - a +0 flail of venom (weapon)
The spectral black mamba closely misses you.
You hit the ghost crab.
The ghost crab is lightly damaged.
The spectral black mamba closely misses you.
You block the ghost crab's attack. The ghost crab barely misses you.
You hit the ghost crab but do no damage.
The ghost crab is lightly damaged.
The spectral black mamba bites you but does no damage.
The spectral six-headed hydra bites you but does no damage.
You block the spectral six-headed hydra's attack.
The spectral six-headed hydra bites you but does no damage. x2
The spectral six-headed hydra bites you.
The spectral six-headed hydra bites you but does no damage.
The ghost crab bites you!
The ghost crab claws you but does no damage.
The spectral black mamba closely misses you.
The spectral skyshark bites you! The spectral skyshark tail-slaps you.
The spectral skyshark barely misses you.
10432 ||| READING 4 scrolls of teleportation.
As you read the scroll of teleportation, it crumbles to dust.
You feel strangely unstable.
You block the spectral black mamba's attack.
The spectral six-headed hydra barely misses you.
The spectral six-headed hydra closely misses you.
The spectral six-headed hydra bites you but does no damage.
The spectral six-headed hydra closely misses you.
You block the spectral six-headed hydra's attack.
The spectral six-headed hydra bites you but does no damage.
The spectral boulder beetle bites you.
You die... ..##.......#777 #....#.....###.~~ .##.......##7¤¤ ##..>###P...P#.~~ +###.....##77¤¤ #....##.....#.~~ .........# ¤0077##..+.........~~ .###.....# 0Z07

#...#P##.###.~~ #.....##
.077##.#########..~ ####....#77
70077#..#####.###.. #P.P....#7~.
7ZtZ7#............. ........#
7.777~@07#............. ........#
7~..7ZZ77#.............
........## 7.~..77##.............
.........#77.00~77#..............
##.#......77.~.~77...............
#####......7....7........#+##....
### #...........#....#..#...##...
..###.....P.####.....##......#...
..##P..>........#....#......##...


You could see a ghost crab, a spectral black mamba (summoned), a spectral
seven-headed hydra (summoned), a spectral six-headed hydra (summoned), a
spectral boulder beetle (summoned) and a spectral skyshark (summoned).

Vanquished Creatures
  A hydra (Lair:3)
  4 death yaks (Lair:2)
  Pikel (D:5)
  A cyclops (D:8)
  20 elephants
  2 black mambas
  2 cane toads (Lair:3)
  2 komodo dragons
  A rime drake (D:8)
  A hornet (D:7)
  8 blink frogs (Lair:3)
  A spectral black mamba (Lair:3)
  A jumping spider (Lair:3)
  17 yaks
  A redback (Lair:3)
  A basilisk (Lair:3)
  Edmund (D:5)
  A spectral cane toad (Lair:3)
  3 water moccasins
  An orc warrior (D:6)
  7 ice beasts
  2 sky beasts (D:7)
  3 ogres
  2 centaurs
  7 wolves
  A kobold brigand (D:7)
  4 lemures (D:6)
  A phantom (D:5)
  6 bullfrogs
  4 scorpions
  A jelly (D:4)
  An electric eel (Lair:2)
  A howler monkey (D:4)
  6 hounds
  2 orc priests (D:5)
  A gnoll bouda (D:8)
  3 iguanas
  6 orc wizards
  Robin (D:2)
  10 gnolls
  4 adders
  A shadow imp (D:6)
  6 white imps
  An ufetubus (D:5)
  3 worms
  7 dart slugs
  29 orcs
  7 ball pythons
  5 bats
  8 endoplasms
  2 giant cockroaches
  11 goblins
  7 hobgoblins
  9 jackals
  7 quokkas
  3 frilled lizards (D:1)
  11 kobolds
  4 rats
  A butterfly (Lair:3)
265 creatures vanquished.

Notes
Turn   | Place    | Note
-------+----------+-------------------------------------------
     0 | D:1      | qw the Gargoyle Fighter began the quest for the Orb.
     0 | D:1      | Reached XP level 1. HP: 14/14 MP: 1/1
     0 | D:1      | 0 ||| qw: Version: 0.2-a-102-gdf20003
     0 | D:1      | 0 ||| qw: Game counter: 740
     0 | D:1      | 0 ||| qw: Always use a shield: true
     0 | D:1      | 0 ||| qw: God list: Okawaru
     0 | D:1      | 0 ||| qw: Allow faded altars: false
     0 | D:1      | 0 ||| qw: Do Orc after D:15 true
     0 | D:1      | 0 ||| qw: Do second Lair branch before Depths: true
     0 | D:1      | 0 ||| qw: Lair rune preference: random
     0 | D:1      | 0 ||| qw: Plans: Normal, Zot:1-4, Slime:5, God:TSO, Crypt,
                  | Tomb, Pan, Hells, Abyss, Win
     0 | D:1      | 0 ||| PLANNING D:1-11
    37 | D:1      | Reached skill level 2 in Axes
    75 | D:1      | Reached XP level 2. HP: 19/19 MP: 2/2
   112 | D:1      | 112 ||| Stepping ~*~*~tactically~*~*~ (hiding).
   113 | D:1      | 113 ||| Stepping ~*~*~tactically~*~*~ (hiding).
   114 | D:1      | 114 ||| Stepping ~*~*~tactically~*~*~ (hiding).
   118 | D:1      | 118 ||| Stepping ~*~*~tactically~*~*~ (hiding).
   312 | D:1      | 312 ||| Stepping ~*~*~tactically~*~*~ (hiding).
   476 | D:1      | Reached skill level 3 in Axes
   540 | D:1      | Reached XP level 3. HP: 23/23 MP: 3/3
   547 | D:1      | 547 ||| Stepping ~*~*~tactically~*~*~ (hiding).
   727 | D:1      | Found Orifar's Distillery.
   732 | D:1      | 732 ||| SHOPLISTING 2 potions of attraction (72 gold, have
                  | 60).
   732 | D:1      | 732 ||| SHOPLISTING 2 potions of haste (240 gold, have 60).
   732 | D:1      | 732 ||| SHOPLISTING 2 potions of might (96 gold, have 60).
   732 | D:1      | 732 ||| BUYING potion of curing (36 gold).
   732 | D:1      | Bought a potion of curing for 36 gold pieces
   732 | D:1      | 732 ||| SHOPLISTING potion of haste (120 gold, have 24).
   988 | D:1      | 988 ||| READING 2 scrolls labelled ECEIKO POLESOB.
   993 | D:1      | 993 ||| READING scroll labelled ESUJ XOPSIC.
  1078 | D:2      | Found Ehipri Hyos's Magic Scroll Shop.
  1086 | D:2      | 1086 ||| SHOPLISTING scroll of enchant armour (97 gold,
                  | have 55).
  1086 | D:2      | 1086 ||| BUYING scroll of identify (26 gold).
  1086 | D:2      | Bought a scroll of identify for 26 gold pieces
  1086 | D:2      | 1086 ||| BUYING scroll of identify (26 gold).
  1086 | D:2      | Bought a scroll of identify for 26 gold pieces
  1086 | D:2      | 1086 ||| SHOPLISTING scroll of teleportation (39 gold, have
                  | 3).
  1151 | D:2      | Reached XP level 4. HP: 25/28 MP: 4/4
  1178 | D:2      | Noticed Robin
  1180 | D:2      | 1180 ||| Stepping ~*~*~tactically~*~*~ (hiding).
  1189 | D:2      | Killed Robin
  1190 | D:2      | Reached skill level 4 in Axes
  1217 | D:2      | 1217 ||| Stepping ~*~*~tactically~*~*~ (stealth).
  1485 | D:2      | Found Romi's Distillery.
  1494 | D:2      | 1494 ||| SHOPLISTING 2 potions of lignification (72 gold,
                  | have 49).
  1494 | D:2      | 1494 ||| BUYING potion of curing (36 gold).
  1494 | D:2      | Bought a potion of curing for 36 gold pieces
  1494 | D:2      | 1494 ||| SHOPLISTING potion of curing (36 gold, have 13).
  1494 | D:2      | 1494 ||| SHOPLISTING potion of heal wounds (60 gold, have
                  | 13).
  1494 | D:2      | 1494 ||| SHOPLISTING potion of lignification (36 gold, have
                  | 13).
  1494 | D:2      | 1494 ||| SHOPLISTING potion of mutation (96 gold, have 13).
  1558 | D:2      | Found Doaroe Nolo's Magic Scroll Emporium.
  1561 | D:2      | 1561 ||| SHOPLISTING scroll of enchant weapon (82 gold,
                  | have 13).
  1561 | D:2      | 1561 ||| SHOPLISTING scroll of teleportation (33 gold, have
                  | 13).
  1571 | D:2      | Found Rimenal's Distillery.
  1587 | D:2      | 1587 ||| SHOPLISTING 2 potions of curing (60 gold, have
                  | 13).
  1587 | D:2      | 1587 ||| SHOPLISTING 2 potions of mutation (160 gold, have
                  | 13).
  1587 | D:2      | 1587 ||| SHOPLISTING potion of curing (30 gold, have 13).
  1587 | D:2      | 1587 ||| SHOPLISTING potion of haste (100 gold, have 13).
  1587 | D:2      | 1587 ||| SHOPLISTING potion of heal wounds (50 gold, have
                  | 13).
  1587 | D:2      | 1587 ||| SHOPLISTING potion of lignification (30 gold, have
                  | 13).
  1622 | D:2      | Found Titwoyr's Book Shoppe.
  1844 | D:2      | Identified the +0 ring mail "Edduudi" {rPois Str+5 Int+2
                  | Slay+2}
  1853 | D:2      | 1853 ||| UPGRADING to +0 helmet.
  1858 | D:2      | 1858 ||| UPGRADING to +0 ring mail "Edduudi" {rPois Str+5
                  | Int+2 Slay+2}.
  1868 | D:2      | 1868 ||| DROPPING +0 scale mail.
  1869 | D:2      | 1869 ||| READING scroll labelled OWUFODUYRPH.
  1870 | D:2      | 1870 ||| READING scroll labelled REJILU XUGG.
  1871 | D:2      | 1871 ||| READING scroll labelled EDGHOI BITWUNG.
  1872 | D:2      | 1872 ||| READING 2 scrolls of identify.
  1872 | D:2      | 1872 ||| IDENTIFYING cyan potion
  1873 | D:2      | 1873 ||| DROPPING potion of ambrosia.
  1883 | D:2      | 1883 ||| Stepping ~*~*~tactically~*~*~ (stealth).
  1922 | D:3      | 1922 ||| Stepping ~*~*~tactically~*~*~ (stealth).
  1933 | D:3      | Reached XP level 5. HP: 32/32 MP: 5/5
  2026 | D:3      | 2026 ||| Stepping ~*~*~tactically~*~*~ (stealth).
  2028 | D:3      | 2028 ||| Stepping ~*~*~tactically~*~*~ (stealth).
  2046 | D:3      | 2046 ||| Stepping ~*~*~tactically~*~*~ (stealth).
  2053 | D:3      | HP: 8/32 [orc/+0 war axe (10)]
  2054 | D:3      | 2054 ||| READING 2 scrolls of teleportation.
  2254 | D:3      | Found a glowing golden altar of the Shining One.
  2254 | D:3      | Found a white marble altar of Elyvilon.
  2254 | D:3      | Found a glowing silver altar of Zin.
  2311 | D:3      | 2311 ||| Stepping ~*~*~tactically~*~*~ (stealth).
  2376 | D:3      | 2376 ||| Stepping ~*~*~tactically~*~*~ (stealth).
  2378 | D:3      | 2378 ||| Stepping ~*~*~tactically~*~*~ (hiding).
  2383 | D:3      | Reached skill level 5 in Axes
  2389 | D:3      | Reached skill level 1 in Dodging
  2408 | D:3      | 2408 ||| DROPPING +0 whip.
  2549 | D:3      | Found a runed translucent door.
  2549 | D:3      | Noticed qw's ghost (amateur GrFi)
  2587 | D:3      | 2587 ||| Stepping ~*~*~tactically~*~*~ (hiding).
  2930 | D:3      | Found a hazy altar of Hepliaklqana.
  2970 | D:3      | 2970 ||| UPGRADING to ring of protection from fire.
  2971 | D:3      | 2971 ||| READING scroll labelled WIOMOI ECHOCIT.
  2971 | D:3      | Identified a scroll of acquirement
  2971 | D:3      | 2971 ||| ACQUIRING +2 pair of gloves of Enaidibri {Regen+
                  | Int+4}
  2971 | D:3      | Acquired the +2 pair of gloves of Enaidibri {Regen+ Int+4}
  2973 | D:3      | 2973 ||| UPGRADING to +2 pair of gloves of Enaidibri
                  | {Regen+ Int+4}.
  2978 | D:3      | 2978 ||| READING scroll labelled TUIMNUZ OMEN.
  2979 | D:3      | 2979 ||| DRINKING 2 emerald potions.
  2980 | D:3      | 2980 ||| DROPPING potion of brilliance.
  3118 | D:4      | 3118 ||| DRINKING 2 dark potions.
  3119 | D:4      | 3119 ||| FLEEEEING.
  3122 | D:4      | 3122 ||| STAIRDANCE
  3165 | D:4      | 3165 ||| Stepping ~*~*~tactically~*~*~ (hiding).
  3166 | D:4      | 3166 ||| Stepping ~*~*~tactically~*~*~ (hiding).
  3380 | D:4      | Reached XP level 6. HP: 37/39 MP: 6/6
  3712 | D:4      | 3712 ||| Stepping ~*~*~tactically~*~*~ (hiding).
  3714 | D:4      | 3714 ||| Stepping ~*~*~tactically~*~*~ (hiding).
  3828 | D:4      | 3828 ||| Stepping ~*~*~tactically~*~*~ (stealth).
  3829 | D:4      | 3829 ||| Stepping ~*~*~tactically~*~*~ (stealth).
  3912 | D:4      | 3912 ||| UPGRADING to +0 chain mail.
  3922 | D:4      | 3922 ||| DROPPING +0 ring mail "Edduudi" {rPois Str+5 Int+2
                  | Slay+2}.
  3923 | D:4      | 3923 ||| READING 3 scrolls of identify.
  3923 | D:4      | 3923 ||| IDENTIFYING fuming inky potion
  3924 | D:4      | 3924 ||| READING 2 scrolls of identify.
  3924 | D:4      | 3924 ||| IDENTIFYING amethyst potion
  3950 | D:5      | Entered Level 5 of the Dungeon
  3975 | D:5      | Noticed Edmund
  3995 | D:5      | Killed Edmund
  3996 | D:5      | Reached skill level 6 in Axes
  3996 | D:5      | Reached XP level 7. HP: 37/44 MP: 7/7
  4058 | D:5      | 4058 ||| DROPPING +0 flail.
  4165 | D:5      | Reached skill level 7 in Axes
  4316 | D:5      | Found a transporter.
  4327 | D:5      | Found Cux Saw's Weapon Emporium.
  4342 | D:5      | Found a transporter.
  4342 | D:5      | Found Ykyin's Armour Shoppe.
  4399 | D:5      | Found Ahideupru's Armour Shoppe.
  4410 | D:5      | 4410 ||| SHOPLISTING +2 helmet of see invisible (236 gold,
                  | have 152).
  4410 | D:5      | 4410 ||| SHOPLISTING +3 ring mail of fire resistance (286
                  | gold, have 152).
  4509 | D:5      | Reached skill level 1 in Throwing
  4552 | D:5      | Reached XP level 8. HP: 49/49 MP: 8/8
  4992 | D:5      | 4992 ||| UPGRADING to +4 ring of slaying {mikee}.
  4993 | D:5      | 4993 ||| READING 2 scrolls of identify.
  4993 | D:5      | 4993 ||| IDENTIFYING fuming red potion
  5032 | D:6      | 5032 ||| Stepping ~*~*~tactically~*~*~ (hiding).
  5037 | D:6      | Reached skill level 8 in Axes
  5045 | D:6      | 5045 ||| FLEEEEING.
  5046 | D:6      | 5046 ||| FLEEEEING.
  5047 | D:6      | 5047 ||| FLEEEEING.
  5048 | D:6      | 5048 ||| FLEEEEING.
  5070 | D:6      | Found a staircase to the Ecumenical Temple.
  5071 | D:6      | 5071 ||| PLANNING TEMPLE
  5071 | D:6      | 5071 ||| READING scroll labelled XIACKE HI GYHE.
  5078 | Temple   | Entered the Ecumenical Temple
  5189 | Temple   | 5189 ||| PLANNING D:1-11
  5268 | D:6      | Reached skill level 6 in Fighting
  5268 | D:6      | 5268 ||| FLEEEEING.
  5269 | D:6      | 5269 ||| FLEEEEING.
  5270 | D:6      | 5270 ||| FLEEEEING.
  5271 | D:6      | 5271 ||| FLEEEEING.
  5292 | D:6      | 5292 ||| FLEEEEING.
  5293 | D:6      | 5293 ||| FLEEEEING.
  5294 | D:6      | 5294 ||| FLEEEEING.
  5295 | D:6      | 5295 ||| FLEEEEING.
  5296 | D:6      | 5296 ||| FLEEEEING.
  5296 | D:6      | Noticed Pikel
  5297 | D:6      | 5297 ||| FLEEEEING.
  5298 | D:6      | 5298 ||| STAIRDANCE
  5305 | D:5      | 5305 ||| UPGRADING to +2 hat of willpower.
  5315 | D:5      | 5315 ||| DROPPING +0 helmet.
  5325 | D:6      | 5325 ||| STAIRDANCE
  5327 | D:5      | Killed Pikel
  5328 | D:5      | Reached skill level 9 in Axes
  5328 | D:5      | Reached XP level 9. HP: 54/56 MP: 9/9
  5405 | D:6      | Found a hide-covered altar of Uskayaw.
  5416 | D:6      | 5416 ||| READING scroll of enchant weapon.
  5416 | D:6      | 5416 ||| ENCHANTING +1 war axe.
  5714 | D:6      | 5714 ||| UPGRADING to amulet of guardian spirit.
  5719 | D:6      | 5719 ||| READING scroll labelled JEANIL DOPO DOS.
  5720 | D:6      | 5720 ||| READING 2 scrolls of identify.
  5720 | D:6      | 5720 ||| IDENTIFYING golden potion
  5721 | D:6      | 5721 ||| DROPPING potion of degeneration.
  5844 | D:7      | Noticed a hornet
  5852 | D:7      | Killed a hornet
  5993 | D:7      | Reached skill level 10 in Axes
  6253 | D:7      | Found an iron altar of Okawaru.
  6254 | D:7      | 6254 ||| PLANNING OKAWARU WORSHIP
  6254 | D:7      | 6254 ||| READING scroll labelled DOIDOE GUIR.
  6255 | D:7      | 6255 ||| READING 2 scrolls of identify.
  6255 | D:7      | 6255 ||| IDENTIFYING coppery potion
  6258 | D:7      | Became a worshipper of Warmaster Okawaru
  6258 | D:7      | 6258 ||| PLANNING D:1-11
  6259 | D:7      | 6259 ||| REMOVING amulet of guardian spirit.
  6709 | D:7      | Found a radiant altar of Vehumet.
  6843 | D:7      | 6843 ||| DROPPING amulet of guardian spirit.
  6844 | D:7      | 6844 ||| READING 2 scrolls of identify.
  6844 | D:7      | 6844 ||| IDENTIFYING brown potion
  6947 | D:8      | Reached * piety under Okawaru
  6948 | D:8      | Reached XP level 10. HP: 37/64 MP: 10/10
  6948 | D:8      | 6948 ||| INVOKING Heroism.
  7001 | D:8      | Noticed a cyclops
  7002 | D:8      | 7002 ||| INVOKING Heroism.
  7011 | D:8      | Killed a cyclops
  7014 | D:8      | 7014 ||| INVOKING Heroism.
  7019 | D:8      | Reached skill level 1 in Invocations
  7040 | D:8      | 7040 ||| Stepping ~*~*~tactically~*~*~ (stealth).
  7087 | D:8      | Found Necehil's Magic Scroll Boutique.
  7096 | D:8      | 7096 ||| BUYING scroll of enchant armour (90 gold).
  7096 | D:8      | Bought a scroll of enchant armour for 90 gold pieces
  7096 | D:8      | 7096 ||| BUYING scroll of enchant weapon (90 gold).
  7096 | D:8      | Bought a scroll of enchant weapon for 90 gold pieces
  7096 | D:8      | 7096 ||| BUYING scroll of identify (24 gold).
  7096 | D:8      | Bought a scroll of identify for 24 gold pieces
  7096 | D:8      | 7096 ||| READING scroll of enchant weapon.
  7096 | D:8      | 7096 ||| ENCHANTING +2 war axe.
  7211 | D:8      | Reached skill level 11 in Axes
  7224 | D:8      | Found a staircase to the Lair.
  7245 | D:8      | 7245 ||| INVOKING Heroism.
  7247 | D:8      | Reached skill level 3 in Invocations
  7416 | D:8      | Noticed a moth of wrath
  7417 | D:8      | 7417 ||| READING 3 scrolls of identify.
  7417 | D:8      | 7417 ||| IDENTIFYING murky yellow potion
  7437 | D:8      | 7437 ||| Stepping ~*~*~tactically~*~*~ (stealth).
  7533 | D:8      | 7533 ||| Stepping ~*~*~tactically~*~*~ (hiding).
  7534 | D:8      | 7534 ||| Stepping ~*~*~tactically~*~*~ (hiding).
  7716 | D:8      | 7716 ||| DROPPING potion of flight.
  7888 | D:8      | 7888 ||| PLANNING LAIR
  7929 | Lair:1   | Entered Level 1 of the Lair of Beasts
  7947 | Lair:1   | Noticed a black mamba
  7948 | Lair:1   | 7948 ||| INVOKING Heroism.
  7959 | Lair:1   | Killed a black mamba
  8010 | Lair:1   | 8010 ||| Stepping ~*~*~tactically~*~*~ (stealth).
  8024 | Lair:1   | Reached ** piety under Okawaru
  8029 | Lair:1   | 8029 ||| Stepping ~*~*~tactically~*~*~ (stealth).
  8030 | Lair:1   | 8030 ||| Stepping ~*~*~tactically~*~*~ (stealth).
  8032 | Lair:1   | 8032 ||| Stepping ~*~*~tactically~*~*~ (stealth).
  8036 | Lair:1   | 8036 ||| Stepping ~*~*~tactically~*~*~ (stealth).
  8092 | Lair:1   | Reached skill level 9 in Fighting
  8560 | Lair:1   | 8560 ||| INVOKING Heroism.
  8613 | Lair:1   | 8613 ||| READING scroll labelled LOESIMUSMI.
  8727 | Lair:2   | Noticed an elephant
  8727 | Lair:2   | Noticed a death yak
  8728 | Lair:2   | Noticed an elephant
  8729 | Lair:2   | 8729 ||| Stepping ~*~*~tactically~*~*~ (stealth).
  8729 | Lair:2   | Noticed an elephant
  8730 | Lair:2   | Noticed a death yak
  8733 | Lair:2   | Noticed an elephant
  8735 | Lair:2   | 8735 ||| INVOKING Heroism.
  8740 | Lair:2   | Killed an elephant
  8741 | Lair:2   | Reached skill level 6 in Armour
  8741 | Lair:2   | Reached XP level 11. HP: 71/71 MP: 11/14
  8745 | Lair:2   | Noticed a death yak
  8758 | Lair:2   | 8758 ||| FLEEEEING.
  8759 | Lair:2   | 8759 ||| FLEEEEING.
  8760 | Lair:2   | 8760 ||| FLEEEEING.
  8761 | Lair:2   | 8761 ||| FLEEEEING.
  8762 | Lair:2   | 8762 ||| INVOKING Heroism.
  8773 | Lair:2   | Reached *** piety under Okawaru
  8775 | Lair:2   | 8775 ||| Stepping ~*~*~tactically~*~*~ (stealth).
  8789 | Lair:2   | 8789 ||| INVOKING Heroism.
  8791 | Lair:2   | Reached skill level 12 in Axes
  8805 | Lair:2   | Reached skill level 6 in Shields
  8816 | Lair:2   | Noticed a death yak
  8820 | Lair:2   | HP: 16/71 [elephant (8)]
  8821 | Lair:2   | 8821 ||| READING 5 scrolls of teleportation.
  8822 | Lair:2   | 8822 ||| DRINKING 4 potions of heal wounds.
  8823 | Lair:2   | 8823 ||| INVOKING Heroism.
  8827 | Lair:2   | 8827 ||| Stepping ~*~*~tactically~*~*~ (stealth).
  8828 | Lair:2   | Noticed a death yak
  8837 | Lair:2   | Killed a death yak
  8837 | Lair:2   | Reached **** piety under Okawaru
  8838 | Lair:2   | HP: 15/72 [death yak (18)]
  8839 | Lair:2   | 8839 ||| READING 4 scrolls of teleportation.
  8840 | Lair:2   | 8840 ||| DRINKING 3 potions of heal wounds.
  8882 | Lair:2   | 8882 ||| Stepping ~*~*~tactically~*~*~ (stealth).
  8884 | Lair:2   | 8884 ||| Stepping ~*~*~tactically~*~*~ (stealth).
  8908 | Lair:2   | 8908 ||| FLEEEEING.
  8921 | Lair:2   | 8921 ||| Stepping ~*~*~tactically~*~*~ (stealth).
  8926 | Lair:2   | 8926 ||| Stepping ~*~*~tactically~*~*~ (stealth).
  8928 | Lair:2   | 8928 ||| INVOKING Heroism.
  8946 | Lair:2   | Killed a death yak
  8946 | Lair:2   | Reached ***** piety under Okawaru
  8950 | Lair:2   | Reached skill level 6 in Invocations
  8950 | Lair:2   | Reached XP level 12. HP: 69/77 MP: 14/16
  8968 | Lair:2   | 8968 ||| Stepping ~*~*~tactically~*~*~ (stealth).
  8986 | Lair:2   | 8986 ||| INVOKING Heroism.
  9004 | Lair:2   | 9004 ||| INVOKING Heroism.
  9007 | Lair:2   | 9007 ||| Stepping ~*~*~tactically~*~*~ (stealth).
  9011 | Lair:2   | 9011 ||| Stepping ~*~*~tactically~*~*~ (stealth).
  9014 | Lair:2   | 9014 ||| Stepping ~*~*~tactically~*~*~ (stealth).
  9021 | Lair:2   | 9021 ||| INVOKING Heroism.
  9027 | Lair:2   | 9027 ||| Stepping ~*~*~tactically~*~*~ (stealth).
  9028 | Lair:2   | Killed a death yak
  9029 | Lair:2   | Reached skill level 13 in Axes
  9169 | Lair:2   | 9169 ||| UPGRADING to +0 pair of boots.
  9174 | Lair:2   | 9174 ||| READING scroll of enchant armour.
  9174 | Lair:2   | 9174 ||| ENCHANTING +0 pair of boots.
  9199 | Lair:2   | 9199 ||| INVOKING Heroism.
  9200 | Lair:2   | 9200 ||| INVOKING Finesse.
  9214 | Lair:2   | Killed a death yak
  9459 | Lair:3   | 9459 ||| Stepping ~*~*~tactically~*~*~ (stealth).
  9483 | Lair:3   | 9483 ||| INVOKING Heroism.
  9566 | Lair:3   | Found a hole to the Spider Nest.
  9572 | Lair:3   | 9572 ||| INVOKING Heroism.
  9736 | Lair:3   | Noticed a four-headed hydra
  9737 | Lair:3   | 9737 ||| INVOKING Heroism.
  9739 | Lair:3   | 9739 ||| INVOKING Finesse.
  9743 | Lair:3   | 9743 ||| SWAPPING to +0 flail of venom.
  9750 | Lair:3   | Killed a four-headed hydra
  9750 | Lair:3   | Received a gift from Okawaru
  9751 | Lair:3   | 9751 ||| SWAPPING to +3 war axe.
  9797 | Lair:3   | 9797 ||| INVOKING Heroism.
  9890 | Lair:3   | 9890 ||| INVOKING Heroism.
  9895 | Lair:3   | Reached skill level 9 in Invocations
  9937 | Lair:3   | 9937 ||| INVOKING Heroism.
 10058 | Lair:3   | 10058 ||| INVOKING Heroism.
 10109 | Lair:3   | 10109 ||| INVOKING Heroism.
 10130 | Lair:3   | 10130 ||| INVOKING Heroism.
 10410 | Lair:3   | Found a staircase to the Swamp.
 10410 | Lair:3   | Noticed a ghost crab
 10412 | Lair:3   | 10412 ||| INVOKING Heroism.
 10414 | Lair:3   | 10414 ||| SWAPPING to +0 flail of venom.
 10421 | Lair:3   | 10421 ||| Stepping ~*~*~tactically~*~*~ (water).
 10428 | Lair:3   | 10428 ||| SWAPPING to +3 war axe.
 10429 | Lair:3   | 10429 ||| SWAPPING to +0 flail of venom.
 10431 | Lair:3   | HP: 16/77 [ghost crab (7)]
 10431 | Lair:3   | HP: 7/77 [spectral skyshark[a ghost crab] (9)]
 10431 | Lair:3   | HP: 3/77 [spectral skyshark[a ghost crab] (4)]
 10432 | Lair:3   | 10432 ||| READING 4 scrolls of teleportation.
 10432 | Lair:3   | Slain by a spectral boulder beetle

Levels and vault maps discovered:
D:1:      wander_arrival_chamber, layout_loops_ring, serial_shops,
          nicolae_shop_statue_plus
D:2:      layout_basic, serial_shops, nicolae_shop_hallway_plus, shop,
          nicolae_shop_tiny_real_fake_doors, nicolae_lakefront_shop,
          nicolae_shop_temple_entry_statues_fountains,
          corexii_item_surrounded_by_moat,
          nicolae_concentric_dashed_squares_wild, minmay_misc_feat_doors,
          uniq_robin
D:3:      layout_loops_corners, dreamdust_divine_triumvirate,
          nicolae_overflow_hidden_temple, hellmonk_ghost_happy_afterlife
D:4:      layout_gridville, chequers_serial_rivers_micro_e
D:5:      layout_layer_cave, serial_shops, nicolae_shop_drivethru,
          nicolae_shop_tiny_statue_garden, nicolae_shop_bloodbath_and_beyond,
          kennysheep_generic_room_5, uniq_edmund
D:6:      layout_rooms, overflow_temple_1_default, minmay_temple_entry_waves,
          uniq_pikel
D:7:      layout_layer_cave, mainiacjoe_overflow_swirl, minmay_crystal_room
D:8:      layout_loops_corners, tgw_trog, hellmonk_lair_entry_icy, serial_shops,
          shop, centaur_isle
Temple:   nicolae_temple_two_arcs
Lair:1:   layout_regular_city
Lair:2:   layout_big_grid, nicolae_lair_grazing_beasts
          [nicolae_sub_lair_graze_edge, nicolae_sub_lair_graze_edge,
          nicolae_sub_lair_graze_edge, nicolae_sub_lair_graze_edge],
          serial_bayou_shore_b, grunt_megastairs_5
Lair:3:   layout_regular_city, nicolae_swamp_entry_spooky,
          nicolae_spider_entry_tight_spaces, lemuel_fruit_fields,
          lemuel_fruit_tree, infiniplex_staircase_pool

Skill      XL: |  1  2  3  4  5  6  7  8  9 10 11 12 |
---------------+-------------------------------------+-----
Axes           | 2 3 4 5 6 7 9 10 11 12 13 | 13.5
Dodging        | 1 2 |  2.0
Fighting       | 4 5 6 8 9 10 | 10.0
Throwing       | 1 2 |  2.0
Armour         | 4 5 6 8 |  8.0
Shields        | 4 5 6 |  6.2
Invocations    | 4 6 9 |  9.5

Action                     |  1- 3 |  4- 6 |  7- 9 | 10-12 || total
---------------------------+-------+-------+-------+-------++-------
  Melee: War axe           |    74 |   189 |   232 |   306 ||   801
         Flail             |       |       |       |    21 ||    21
  Throw: Boomerang         |       |       |    37 |    79 ||   116
         Javelin           |       |       |       |    11 ||    11
 Invoke: Heroism           |       |       |       |    25 ||    25
         Finesse           |       |       |       |     2 ||     2
    Use: Scroll            |     2 |     9 |     8 |     7 ||    26
         Potion            |       |     2 |       |     2 ||     4
 Armour: Scale mail        |    32 |    27 |       |       ||    59
         Ring mail         |       |    45 |       |       ||    45
         Chain mail        |       |    23 |   175 |   268 ||   466
  Dodge: Dodged            |    34 |    98 |    86 |   148 ||   366
  Block: Buckler           |    14 |    35 |    37 |    98 ||   184

Table legend:
 A = Non-vault XP
 B = Vault XP
 C = Vault XP percentage of total XP
 D = Non-vault monster count
 E = Vault monster count
 F = Vault count percentage of total count
                 A         B        C        D         E       F
            +---------+---------+-------+---------+---------+-------
      Total |   17859 |   12360 |  40.9 |     211 |      49 |  18.8
            +---------+---------+-------+---------+---------+-------
        D:1 |      63 |       0 |   0.0 |      31 |       0 |   0.0
        D:2 |      63 |      33 |  34.4 |      20 |      11 |  35.5
        D:3 |     130 |       0 |   0.0 |      21 |       0 |   0.0
        D:4 |     167 |       0 |   0.0 |      22 |       0 |   0.0
        D:5 |     862 |     800 |  48.1 |      24 |       3 |  11.1
        D:6 |    1088 |       0 |   0.0 |      18 |       0 |   0.0
        D:7 |    1036 |       0 |   0.0 |      18 |       0 |   0.0
        D:8 |    1722 |    1222 |  41.5 |      14 |       8 |  36.4
     Lair:1 |    1515 |       0 |   0.0 |       8 |       0 |   0.0
     Lair:2 |    4361 |    9483 |  68.5 |      14 |      23 |  62.2
     Lair:3 |    6852 |     822 |  10.7 |      21 |       4 |  16.0
            +---------+---------+-------+---------+---------+-------
